 Dungeon Crawl Stone Soup version 0.18-a0-1764-gf4ddf0b (webtiles) character file.

306182 dobroeutro the Hoplite (level 21, -4/121 HPs)
             Began as a Gargoyle Fighter on Apr 12, 2016.
             Was the Champion of Okawaru.
             Slain by a vault warden (illusionary)
             ... wielding a +4 glaive
              (40 damage)
             ... on level 1 of the Vaults on Apr 13, 2016.
             The game lasted 02:16:30 (43037 turns).

dobroeutro the Hoplite (Gargoyle Fighter)          Turns: 43037, Time: 02:16:30

Health: -4/121     AC: 41    Str: 27    XL:     21   Next: 15%
Magic:  26/26      EV: 11    Int: 14    God:    Okawaru [******]
Gold:   3879       SH: 37    Dex: 10    Spells: 0 memorised, 20 levels left

rFire  + + .     SeeInvis +     B - +8 flail
rCold  + . .     Gourm    .     I - +3 plate armour of the Manifold Tales {rF+ rC+ Int+3}
rNeg   + + .     Faith    .     y - +6 large shield {rN+}
rPois  ∞         Spirit   .     P - +1 hat of the Lonely Wars {MR+ Str+4}
rElec  +         Dismiss  .     g - +0 cloak
rCorr  .         Reflect  +     z - +0 pair of gloves of the Dungeon {+Fly Regen+ Int-4 SInv}
SustAt .         Harm     .     G - +2 pair of boots {Fly}
MR     ++++.                    p - +5 amulet of reflection
Stlth  ..........               q - ring of protection from fire
                                M - ring of the Mage {Wiz MR++ Int+3}

@: flying, incredibly resistant to hostile enchantments, extremely unstealthy
A: big wings, rough black scales 1, deformed body, frail 1, mutation resistance
1, negative energy resistance 1, electricity resistance, weak 1, wild magic 1,
unbreathing, petrification resistance, rot immunity, AC +15
a: Stop Flying, Heroism, Finesse, Renounce Religion
}: 2/15 runes: serpentine, barnacled


You were on level 1 of the Vaults.
You worshipped Okawaru.
Okawaru was exalted by your worship.
You were very hungry.

You visited 7 branches of the dungeon, and saw 37 of its levels.
You visited the Abyss 1 time.
You also visited: Labyrinth and Bailey.

You collected 4185 gold pieces.
You spent 306 gold pieces at shops.

Inventory:

Hand Weapons
 B - a +8 flail (weapon)
 O - a +2 eveningstar of draining
Armour
 g - a +0 cloak (worn)
 y - a +6 large shield of positive energy (worn)
 z - the +0 pair of gloves of the Dungeon (worn) {+Fly Regen+ Int-4 SInv}
   (You found it on level 2 of the Shoals)

   It affects your intelligence (-4).
   It lets you see invisible.
   It lets you fly.
   It increases your rate of regeneration.
 G - a +2 pair of boots of flying (worn)
 I - the +3 plate armour of the Manifold Tales (worn) {rF+ rC+ Int+3}
   (Okawaru gifted it to you on level 6 of the Lair of Beasts)

   It affects your intelligence (+3).
   It protects you from fire.
   It protects you from cold.
 P - the +1 hat of the Lonely Wars (worn) {MR+ Str+4}
   (Okawaru gifted it to you on level 11 of the Dungeon)

   It affects your strength (+4).
   It affects your resistance to hostile enchantments.
Jewellery
 i - an uncursed amulet of guardian spirit
 j - an uncursed ring of resist corrosion
 p - a +5 amulet of reflection (around neck)
 q - a ring of protection from fire (right hand)
 s - an uncursed ring of protection from cold
 M - the ring of the Mage (left hand) {Wiz MR++ Int+3}
   (You acquired it on level 7 of the Lair of Beasts)

   [ring of wizardry]

   It improves your spell success rate.
   It affects your intelligence (+3).
   It affects your resistance to hostile enchantments.
Wands
 v - a wand of digging (11/24)
 x - a wand of heal wounds (1/9)
 C - a wand of confusion (19/48)
 H - a wand of digging (8/24)
 J - a wand of disintegration (8/24)
 L - a wand of teleportation (5/9)
 N - a wand of acid (10/15)
 V - a wand of digging (9/24)
Scrolls
 b - 2 scrolls of teleportation
 e - 7 scrolls of fog
 h - a scroll of blinking
 n - 2 scrolls of magic mapping
 o - 10 scrolls of identify
 u - 12 scrolls of remove curse
 A - a scroll of enchant armour
 F - 3 scrolls of recharging
 K - a scroll of immolation
 R - 6 scrolls of fear
 S - a scroll of amnesia
 W - a scroll of vulnerability
 X - a scroll of summoning
Potions
 c - 2 potions of magic
 d - 6 potions of might
 k - 2 potions of agility
 l - a potion of curing
 r - 3 potions of resistance
 U - 3 potions of cure mutation
 Y - a potion of heal wounds
 Z - 2 potions of haste
Comestibles
 a - 2 chunks of flesh
 f - 25 bread rations
 m - 15 meat rations
 t - 11 fruits
 D - 9 beef jerkies
 E - 8 royal jellies


   Skills:
 + Level 15.6 Fighting
 + Level 16.9 Maces & Flails
 + Level 13.5 Armour
 * Level 8.4 Dodging
 + Level 24.8 Shields
 - Level 6.9 Invocations
 + Level 0.3 Evocations


You had 20 spell levels left.
You didn't know any spells.

Dungeon Overview and Level Annotations

Branches:
Dungeon (15/15)            Temple (0/1) D:7            Lair (8/8) D:10
 Shoals (4/4) Lair:6        Snake (4/4) Lair:5        Slime (0/6) Lair:6
    Orc (2/2) D:11            Elf (3/3) Orc:2        Vaults (1/5) D:13
 Depths (0/5) D:15

Altars:
Cheibriados
Dithmenos
Elyvilon
Fedhas
Gozag
Kikubaaqudgha
Makhleb
Nemelex Xobeh
Okawaru
Qazlal
Sif Muna
Yredelemnul
The Shining One
Beogh
Jiyva

Shops:
D:7 *   D:9 *   Orc:2 ([:*   Elf:1 [   Shoals:1 %   Snake:2 ?

Portals:
Trove: Elf:1 (show slimy rune of Zot)


Innate Abilities, Weirdness & Mutations

You are resistant to torment.
Your stone body is resilient (AC +15).
You are immune to poison.
Your large and strong wings let you fly indefinitely.
You resist negative energy.
You are resistant to electric shocks.
You can survive without breathing.
You are immune to petrification.
You are immune to rotting.
You are partially covered in rough black scales (AC +4, Dex -1).
Armour fits poorly on your strangely shaped body.
You are frail (-10% HP).
You are somewhat resistant to further mutation.
You are weak. (Str -2)
Your spells are a little harder to cast, but a little more powerful.


Message History

Zapping:
x - a wand of heal wounds (3/9)
Press: ? - help, Shift-Dir - straight line, f - you You feel much better.
This wand has 2 charges left.
You block the vampire mosquito's attack.
The slime creature hits you!
* * * LOW HITPOINT WARNING * * *
You block the slime creature's attack. You block the rakshasa's attack.
The vault warden barely misses you. The vault warden misses you.
You block the vampire mosquito's attack.
The vault warden hits you with a great mace of crushing!!
* * * LOW HITPOINT WARNING * * *
x2 Evoke which item? (* to show all) (? for menu, Esc to quit)
Zapping:
x - a wand of heal wounds (2/9)
Press: ? - help, Shift-Dir - straight line, f - you You feel much better.
This wand has 1 charge left.
You block the vampire mosquito's attack.
You block the slime creature's attack. x2
The rakshasa hits you but does no damage.
The vault warden hits you from afar with an enchanted glaive!!!
You die...

.# #.### ### ## .# #...# .. p .#
#...# .##y .# #.### #.C# .# #.#
#))#
)###########+###############(###+
................p)p.........)).(.
..........)....pyJ...............
...............R@Jp.(.(..........
.#########+##########+##########+
.# #.......# #.....)).....# .#
#.......# #............# .#
#.......# #............# .#
#.......# #............# .#
#.......# #............# .#
#.......# #............# .#
######### #............#


You could see 3 vault wardens, a rakshasa, 2 slime creatures, an ironbrand
convoker and a vampire mosquito.

Vanquished Creatures
  Norris (Vaults:1)
  Vashnia (Snake:2)
  Saint Roka (D:13)
  Rupert (Lair:6)
  2 krakens (Shoals:3)
  A tentacled starspawn (Abyss:3)
  Frances (Snake:1)
  Kirke (D:12)
  15 greater nagas
  Ilsuiw (Shoals:4)
  Maud (D:10)
  A deep elf sorcerer (Elf:1)
  A vault warden (Vaults:1)
  An orc warlord (Orc:2)
  A very ugly thing (Vaults:1)
  An ironheart preserver (Vaults:1)
  5 merfolk javelineers (Shoals:4)
  An ettin (Vaults:1)
  A minotaur (Lab)
  A deep elf high priest (Elf:1)
  9 merfolk impalers
  12 hydras
  2 yaktaur captains (Vaults:1)
  A rakshasa (Vaults:1)
  A catoblepas (Shoals:3)
  11 anacondas
  15 naga warriors
  An entropy weaver (shapeshifter) (Vaults:1)
  11 centaur warriors
  3 merfolk avatars (Shoals:4)
  4 merfolk aquamancers (Shoals:4)
  An ogre mage (D:11)
  An alligator snapping turtle (Shoals:2)
  22 dancing weapons
  2 orc high priests (Orc:2)
  19 naga sharpshooters
  8 thrashing horrors (Abyss:3)
  6 deep elf knights (Elf:2)
  The ghost of slayr the Grappler, a novice TrMo of Pakellas (Bailey)
  13 shock serpents
  9 death yaks
  2 salamander mystics (Snake:3)
  4 skeletal warriors (Vaults:1)
  16 sea snakes
  5 unseen horrors
  A giant orange brain (Abyss:3)
  2 wizards
  A flayed ghost (Vaults:1)
  A death drake (Abyss:3)
  8 hill giants
  4 harpies
  A deep elf archer (Elf:2)
  6 ironbrand convokers (Vaults:1)
  Pikel (D:6)
  A necromancer (D:15)
  A wolf spider (Vaults:1)
  An oklob plant (Lair:6)
  7 orc knights
  10 naga ritualists
  13 mana vipers
  11 griffons
  32 deep elf magi
  A sixfirhy (Abyss:3)
  12 fauns
  6 orc sorcerers
  7 salamanders
  4 cyclopes
  23 ugly things
  A hornet (shapeshifter) (Vaults:1)
  15 manticores
  13 elephants
  11 sirens
  3 gargoyles
  5 water nymphs
  An apocalypse crab (Abyss:3)
  2 smoke demons (Abyss:3)
  6 guardian serpents
  23 naga magi
  3 vault sentinels (Vaults:1)
  38 black mambas
  4 rime drakes
  17 spiny frogs
  A demonic crawler (Abyss:3)
  A tormentor (Abyss:3)
  A rime drake (shapeshifter) (D:14)
  6 komodo dragons
  A yaktaur (Vaults:1)
  2 spriggan druids (Lair:8)
  The ghost of M4edhros the Insei, a novice OpNe (D:6)
  2 redback zombies (D:15)
  26 merfolk
  6 trolls
  A queen bee (D:15)
  3 polar bears (Lair:8)
  4 wind drakes (Shoals:4)
  4 two-headed ogres
  A boulder beetle (Lair:7)
  9 slime creatures
  6 snapping turtles
  2 raiju (shapeshifter)
  Prince Ribbit (D:7)
  35 blink frogs
  11 spriggans (Lair:8)
  3 shadows
  9 water elementals
  A centaur simulacrum (D:15)
  An air elemental (Elf:1)
  A flying skull (Abyss:3)
  6 redbacks (Lair:8)
  4 fire bats (Abyss:3)
  2 wyverns
  2 ynoxinuls (Abyss:3)
  6 yaks
  3 wraiths
  A basilisk (Lair:5)
  2 large abominations (Abyss:3)
  2 vampires
  10 hippogriffs
  6 hungry ghosts
  A mottled dragon (Vaults:1)
  7 vampire mosquitoes
  8 wargs
  Menkaure (D:7)
  The ghost of dobroeutro the Shield-Bearer, an amateur GrFi (D:4)
  70 nagas
  2 soldier ants
  5 hell hounds (Abyss:3)
  12 porcupines
  49 orc warriors
  13 water moccasins
  3 ice beasts
  3 sky beasts
  7 black bears
  An eye of draining (D:11)
  2 wasps (Lair:8)
  17 ogres
  A boggart (Vaults:1)
  3 phantoms
  30 killer bees
  26 wolves
  27 centaurs
  3 small abominations (Abyss:3)
  15 crocodiles
  A big kobold (D:12)
  An earth elemental (Lab)
  17 giant frogs
  2 gnoll sergeants
  A wyvern zombie (D:10)
  A water moccasin skeleton (D:7)
  2 scorpions (D:7)
  7 wights
  3 electric eels
  9 howler monkeys
  A troll skeleton (Lab)
  9 crimson imps
  2 giant frog zombies
  A quasit (D:8)
  7 centaur zombies
  3 hounds
  5 jellies
  5 centaur skeletons
  A giant frog skeleton (D:13)
  21 orc priests
  2 iron imps
  6 iguanas
  22 orc wizards
  9 worker ants
  13 sheep
  A killer bee zombie (D:9)
  3 hound zombies (D:10)
  2 ogre skeletons (Lab)
  2 worker ant zombies
  3 gnolls (D:6)
  13 adders
  26 river rats
  5 shadow imps
  2 oozes
  2 adder skeletons
  3 adder zombies
  4 worms
  80 orcs
  6 giant cockroaches
  14 goblins
  7 hobgoblins
  3 jackals (D:4)
  4 quokkas
  A ball python (D:1)
  8 bats
  A giant newt (D:1)
  15 kobolds
  3 rats
  A plant (Shoals:4)
  A tentacle (Shoals:3)
1365 creatures vanquished.

Vanquished Creatures (others)
  Polyphemus (Shoals:4)
  2 greater nagas (Snake:4)
  Nessos (D:15)
  A merfolk javelineer (Shoals:4)
  A satyr (Shoals:3)
  6 naga sharpshooters (Snake:4)
  An unseen horror (D:10)
  3 deep elf archers
  2 deep elf magi (Elf:2)
  6 fauns
  2 manticores (Shoals:2)
  A naga mage (Snake:4)
  A black mamba (Snake:4)
  A wyvern (D:12)
  2 humans (D:12)
  A naga (Snake:4)
  4 slaves (D:6)
  2 centaurs (D:15)
  A giant frog (D:6)
  3 killer bees (D:6)
  A quasit (Abyss:3)
  2 orc wizards
  A worker ant (D:12)
  A shadow imp (D:12)
  An orc (D:15)
  8 kobolds (Bailey)
  7 fungi
  25 plants
  3 starspawn tentacles (Abyss:3)
  28 starspawn tentacle segments (Abyss:3)
  14 tentacles (Shoals:3)
  301 tentacle segments (Shoals:3)
434 creatures vanquished.

Grand Total: 1799 creatures vanquished

Notes
Turn   | Place    | Note
--------------------------------------------------------------
     0 | D:1      | dobroeutro the Gargoyle Fighter began the quest for the Orb.
     0 | D:1      | Reached XP level 1. HP: 14/14 MP: 1/1
   121 | D:1      | Reached XP level 2. HP: 19/19 MP: 2/2
   469 | D:1      | Reached XP level 3. HP: 22/23 MP: 3/3
  1178 | D:2      | Found an opulent altar of Gozag.
  1349 | D:2      | Found an iron altar of Okawaru.
  1357 | D:2      | Became a worshipper of Warmaster Okawaru
  1494 | D:3      | Reached XP level 4. HP: 29/29 MP: 4/4
  1552 | D:3      | Found a basalt altar of Yredelemnul.
  1729 | D:3      | Reached skill level 4 in Shields
  1917 | D:3      | Reached XP level 5. HP: 28/33 MP: 5/5
  2174 | D:4      | Noticed dobroeutro's ghost (amateur GrFi)
  2193 | D:4      | Killed dobroeutro's ghost
  2193 | D:4      | Reached * piety under Okawaru
  2193 | D:4      | Reached skill level 5 in Shields
  2193 | D:4      | Reached XP level 6. HP: 24/39 MP: 6/6
  2227 | D:4      | Noticed a black bear
  2257 | D:4      | Killed a black bear
  2257 | D:4      | Reached skill level 5 in Armour
  3025 | D:5      | Entered Level 5 of the Dungeon
  3036 | D:5      | Reached XP level 7. HP: 31/44 MP: 7/7
  3185 | D:5      | Found a shadowy altar of Dithmenos.
  3728 | D:6      | Reached ** piety under Okawaru
  3728 | D:6      | Reached skill level 6 in Shields
  3767 | D:6      | Noticed M4edhros's ghost (novice OpNe)
  4182 | D:5      | Reached skill level 5 in Fighting
  4182 | D:5      | Reached XP level 8. HP: 41/49 MP: 8/8
  4250 | D:6      | Killed M4edhros's ghost
  4250 | D:6      | Reached *** piety under Okawaru
  4250 | D:6      | Reached skill level 7 in Shields
  4320 | D:6      | Found a deep blue altar of Sif Muna.
  4352 | D:6      | Noticed Pikel
  4358 | D:6      | Reached skill level 5 in Maces & Flails
  4369 | D:6      | Killed Pikel
  4369 | D:6      | Reached **** piety under Okawaru
  4369 | D:6      | Reached skill level 8 in Shields
  4369 | D:6      | Reached XP level 9. HP: 34/55 MP: 9/9
  4462 | D:6      | Found a snail-covered altar of Cheibriados.
  4693 | D:6      | Received a gift from Okawaru
  5187 | D:7      | Noticed Prince Ribbit
  5252 | D:7      | Reached skill level 9 in Shields
  5368 | D:7      | Noticed Menkaure
  5373 | D:7      | Killed Menkaure
  5608 | D:7      | Found Dirchuci's General Store.
  5611 | D:7      | Bought a scroll of enchant weapon for 90 gold pieces
  5665 | D:7      | Killed Prince Ribbit
  5665 | D:7      | Reached ***** piety under Okawaru
  5695 | D:7      | Found a staircase to the Ecumenical Temple.
  5733 | D:7      | Received a gift from Okawaru
  5758 | D:7      | Reached XP level 10. HP: 50/63 MP: 10/10
  6130 | D:8      | Found an ancient bone altar of Kikubaaqudgha.
  6190 | D:8      | Reached skill level 10 in Shields
  6640 | D:9      | Found Ycycux's General Store.
  6655 | D:9      | Received a gift from Okawaru
  6758 | D:9      | Found a glowing golden altar of the Shining One.
  6771 | D:9      | Found a stormy altar of Qazlal.
  6782 | D:9      | Found a blossoming altar of Fedhas.
  7060 | D:9      | Found a burning altar of Makhleb.
  7069 | D:9      | Gained mutation: You evolve. [mutagenic meat]
  7070 | D:9      | Gained mutation: Your spells are a little easier to cast, but a little less powerful. [mutagenic meat]
  7071 | D:9      | Gained mutation: You rapidly evolve. [mutagenic meat]
  7174 | D:9      | Found a sparkling altar of Nemelex Xobeh.
  7384 | D:9      | Found a white marble altar of Elyvilon.
  7412 | D:10     | Entered Level 10 of the Dungeon
  7551 | D:10     | Reached skill level 11 in Shields
  7598 | D:10     | Noticed Maud
  7629 | D:10     | HP: 2/64 [Maud/battleaxe of electrocution (26)]
  7635 | D:10     | Killed Maud
  7635 | D:10     | Reached XP level 11. HP: 3/69 MP: 9/11
  8171 | D:10     | Gained mutation: You have supernaturally acute eyesight. [evolution]
  8321 | D:10     | Noticed a hill giant
  8336 | D:10     | Killed a hill giant
  8336 | D:10     | Reached ****** piety under Okawaru
  8344 | D:10     | Noticed a centaur warrior
  8364 | D:10     | Killed a centaur warrior
  8432 | D:10     | Noticed a cyclops
  8447 | D:10     | Killed a cyclops
  8447 | D:10     | Received a gift from Okawaru
  8447 | D:10     | Reached skill level 12 in Shields
  8512 | D:10     | Noticed an unseen horror
  8516 | D:10     | Killed an unseen horror
  8630 | D:10     | Found a staircase to the Lair.
  8774 | D:11     | Noticed a cyclops
  8788 | D:11     | Noticed an ogre mage
  8789 | D:11     | Found a staircase to the Orcish Mines.
  8801 | D:11     | Received a gift from Okawaru
  8822 | D:11     | Got a smoking hat {god gift}
  8833 | D:11     | Identified the +1 hat of the Lonely Wars {MR+ Str+4} (Okawaru gifted it to you on level 11 of the Dungeon)
  8854 | D:11     | Killed an ogre mage
  8888 | D:11     | Killed a cyclops
  9081 | D:11     | Lost mutation: Your spells are a little easier to cast, but a little less powerful. [evolution]
  9268 | D:11     | Reached skill level 10 in Maces & Flails
  9307 | D:11     | Noticed a brown ugly thing
  9343 | D:11     | Killed a brown ugly thing
  9343 | D:11     | Reached XP level 12. HP: 46/76 MP: 12/12
  9347 | D:11     | Gained mutation: You are partially covered in rough black scales (AC +4, Dex -1). [mutagenic meat]
  9348 | D:11     | Lost mutation: You rapidly evolve. [mutagenic meat]
  9349 | D:11     | Gained mutation: You are weak. (Str -2) [mutagenic meat]
  9350 | D:11     | Gained mutation: You are frail (-10% HP). [mutagenic meat]
  9464 | D:12     | Reached skill level 13 in Shields
  9542 | D:12     | Noticed Kirke
  9562 | D:12     | Killed Kirke
  9579 | D:12     | Got an ichor-stained long sword
  9605 | D:12     | Identified the +6 long sword "Gacriuxt" {venom, Int+3 Stlth+} (You found it on level 12 of the Dungeon)
  9830 | D:12     | Got a twisted scale mail
  9841 | D:12     | Identified the cursed +0 scale mail of Miutreq {rN+ Str+4} (You found it on level 12 of the Dungeon)
  9975 | D:12     | Reached skill level 10 in Armour
 10042 | D:13     | Found a labyrinth entrance.
 10050 | Lab      | Entered a labyrinth
 11447 | Lab      | Found an exit through the horrors of the Abyss.
 12190 | Lab      | Noticed a minotaur
 12203 | Lab      | Killed a minotaur
 12281 | D:13     | Reached skill level 10 in Fighting
 12337 | D:13     | Noticed a centaur warrior
 12368 | D:13     | Killed a centaur warrior
 12397 | D:13     | Noticed a centaur warrior
 12415 | D:13     | Killed a centaur warrior
 12415 | D:13     | Received a gift from Okawaru
 12429 | D:13     | Reached skill level 14 in Shields
 12513 | D:13     | Noticed a five-headed hydra
 12521 | D:13     | Reached XP level 13. HP: 69/73 MP: 13/13
 12547 | D:13     | Found a gate to the Vaults.
 12988 | D:13     | Reached skill level 15 in Shields
 13363 | D:13     | Gained mutation: Your spells are a little harder to cast, but a little more powerful. [evolution]
 13363 | D:13     | Lost mutation: You evolve. [end of evolution]
 13370 | D:13     | Upgraded the game from 0.18-a0-1748-g7377c14 to 0.18-a0-1764-gf4ddf0b
 13401 | D:13     | Received a gift from Okawaru
 13604 | D:14     | Gained mutation: Armour fits poorly on your strangely shaped body. [potion of mutation]
 13873 | D:14     | Found an opulent altar of Gozag.
 14010 | D:14     | Gained mutation: You are somewhat resistant to further mutation. [mutagenic meat]
 14718 | D:14     | Reached skill level 16 in Shields
 14798 | Lair:1   | Entered Level 1 of the Lair of Beasts
 14833 | Lair:1   | Gained mutation: Your large and strong wings let you fly indefinitely. [Gargoyle growth]
 14833 | Lair:1   | Reached XP level 14. HP: 70/81 MP: 11/14
 17132 | Lair:3   | Got a dazzling scale mail
 17143 | Lair:3   | Identified the +2 scale mail "Yhafiur" {rPois rN+ MR+ Str-5} (You found it on level 3 of the Lair of Beasts)
 17384 | Lair:3   | Received a gift from Okawaru
 18248 | Lair:4   | Reached skill level 17 in Shields
 18778 | Lair:5   | Found a staircase to the Snake Pit.
 19271 | Lair:6   | Noticed Rupert
 19291 | Lair:6   | Killed Rupert
 19308 | Lair:6   | Found a viscous altar of Jiyva.
 19318 | Lair:6   | Found a staircase to the Slime Pits.
 19388 | Lair:6   | Found a staircase to the Shoals.
 19606 | Lair:6   | Identified a scroll of acquirement
 19667 | Lair:6   | Reached skill level 1 in Dodging
 20025 | Lair:7   | Received a gift from Okawaru
 20270 | Lair:7   | Reached XP level 15. HP: 85/85 MP: 15/15
 20562 | Lair:7   | Reached skill level 18 in Shields
 21225 | Lair:8   | Entered Level 8 of the Lair of Beasts
 21344 | Lair:8   | Got an iridescent war axe
 21350 | Lair:8   | Identified the +3 war axe of Arrival {vamp, rF- MR+ Dex+6} (You found it on level 8 of the Lair of Beasts)
 21403 | Lair:8   | Received a gift from Okawaru
 21423 | Lair:8   | Got an iridescent morningstar {god gift}
 21424 | Lair:8   | Identified the +1 morningstar of the Fool {venom, +Rage MP+9} (Okawaru gifted it to you on level 8 of the Lair of Beasts)
 21893 | Lair:8   | Received a gift from Okawaru
 22680 | Orc:1    | Entered Level 1 of the Orcish Mines
 22722 | Orc:1    | Found a flagged portal.
 22728 | Bailey   | Entered a bailey
 22788 | Bailey   | Noticed slayr's ghost (novice TrMo)
 22816 | Bailey   | Killed slayr's ghost
 23074 | Bailey   | Got a translucent great mace {crush}
 23097 | Bailey   | Identified the +9 great mace of Kaogomue {crush, +Rage Str+2 Dex-3} (You took it off a hobgoblin in a bailey)
 23304 | Orc:2    | Entered Level 2 of the Orcish Mines
 23325 | Orc:2    | Received a gift from Okawaru
 23388 | Orc:2    | Reached skill level 19 in Shields
 23412 | Orc:2    | Noticed an orc warlord
 23454 | Orc:2    | Killed an orc warlord
 23955 | Orc:2    | Reached XP level 16. HP: 62/90 MP: 16/16
 24533 | Orc:2    | Found a roughly hewn altar of Beogh.
 24536 | Orc:2    | Found Ylove's Antique Weapon Shop.
 24550 | Orc:2    | Found Susche Uph's Book Shop.
 24741 | Orc:2    | Found a staircase to the Elven Halls.
 24813 | Orc:2    | Found Gajyl's Antique Armour Shop.
 24939 | Orc:2    | Found Meudwia's General Store.
 25068 | D:15     | Entered Level 15 of the Dungeon
 25460 | D:15     | Received a gift from Okawaru
 25545 | D:15     | Noticed Nessos
 25557 | D:15     | Killed Nessos
 25684 | D:15     | Found a staircase to the Depths.
 26187 | Elf:1    | Entered Level 1 of the Elven Halls
 26209 | Elf:1    | Cast into level 3 of the Abyss (a deep elf sorcerer)
 26514 | Abyss:3  | Noticed a bone dragon
 26523 | Abyss:3  | Noticed a tentacled starspawn
 26551 | Abyss:3  | Noticed a tentacled starspawn
 26567 | Abyss:3  | Killed a tentacled starspawn
 26567 | Abyss:3  | Reached skill level 20 in Shields
 26641 | Abyss:3  | Reached skill level 1 in Invocations
 26750 | Abyss:3  | Noticed a tentacled starspawn
 26836 | Elf:1    | Escaped the Abyss
 27128 | Elf:1    | Received a gift from Okawaru
 27183 | Elf:1    | Reached skill level 15 in Maces & Flails
 27439 | Snake:1  | Entered Level 1 of the Snake Pit
 27637 | Snake:1  | Noticed a greater naga
 27647 | Snake:1  | Killed a greater naga
 27647 | Snake:1  | Reached XP level 17. HP: 68/97 MP: 17/17
 27986 | Snake:1  | Noticed Frances
 28005 | Snake:1  | Killed Frances
 28076 | Snake:2  | HP: 4/97 [greater naga/spear (7)]
 28082 | Snake:2  | HP: 4/97 [black mamba (6)]
 28110 | Snake:2  | Received a gift from Okawaru
 28491 | Snake:2  | Reached skill level 21 in Shields
 29388 | Snake:2  | Found Delil's Magic Scroll Shop.
 29395 | Snake:2  | Bought a scroll of enchant armour for 90 gold pieces
 29395 | Snake:2  | Bought a scroll of teleportation for 36 gold pieces
 29395 | Snake:2  | Bought a scroll of enchant weapon for 90 gold pieces
 29569 | Snake:2  | Noticed Vashnia
 29655 | Snake:2  | Killed Vashnia
 30136 | Snake:3  | Received a gift from Okawaru
 30913 | Snake:3  | Reached XP level 18. HP: 92/104 MP: 19/19
 31355 | Snake:4  | Entered Level 4 of the Snake Pit
 31491 | Shoals:1 | Entered Level 1 of the Shoals
 31532 | Lair:6   | Received a gift from Okawaru
 31535 | Lair:6   | Got a pitted plate armour {god gift}
 31546 | Lair:6   | Identified the +3 plate armour of the Manifold Tales {rF+ rC+ Int+3} (Okawaru gifted it to you on level 6 of the Lair of Beasts)
 31849 | Shoals:1 | Reached skill level 22 in Shields
 31904 | Shoals:1 | Found Lixeg's Food Shop.
 33367 | Shoals:2 | Got a pair of heavily runed gloves
 33378 | Shoals:2 | Identified the +0 pair of gloves of the Dungeon {+Fly Regen+ Int-4 SInv} (You found it on level 2 of the Shoals)
 34549 | Shoals:3 | Reached skill level 5 in Invocations
 34683 | Shoals:4 | Entered Level 4 of the Shoals
 34683 | Shoals:4 | Noticed Polyphemus
 34717 | Shoals:3 | Received a gift from Okawaru
 34752 | Shoals:4 | Killed Polyphemus
 34788 | Shoals:4 | Reached skill level 5 in Dodging
 35378 | Shoals:4 | Reached XP level 19. HP: 108/108 MP: 23/23
 35457 | Shoals:4 | Got a fine helmet
 35468 | Shoals:4 | Identified the +2 helmet of Patience {-Tele Int+3 Dex+3 Stlth+} (You found it on level 4 of the Shoals)
 35597 | Shoals:4 | Reached skill level 23 in Shields
 35880 | Shoals:4 | Got a barnacled rune of Zot
 35951 | Shoals:4 | Noticed Ilsuiw
 35980 | Shoals:4 | Killed Ilsuiw
 36921 | Elf:1    | Found Wotod's Antique Armour Shoppe.
 36967 | Elf:1    | Found a portal to a secret trove of treasure.
 37043 | Elf:1    | Identified the Incunabulum of the Last Nights
 37247 | Elf:1    | Received a gift from Okawaru
 37711 | Elf:2    | Found a runed gate.
 37719 | Elf:2    | Found a runed gate.
 37719 | Elf:2    | Found a runed gate.
 38644 | Elf:3    | Entered Level 3 of the Elven Halls
 39452 | Snake:4  | Reached XP level 20. HP: 108/115 MP: 25/25
 39557 | Snake:4  | Reached skill level 24 in Shields
 39583 | Snake:4  | Received a gift from Okawaru
 39796 | Snake:4  | Reached skill level 15 in Fighting
 39865 | Snake:4  | Got a warped ring mail {god gift}
 39876 | Snake:4  | Identified the +1 ring mail of Tenacity {rElec rPois MR- Str-5} (Okawaru gifted it to you on level 4 of the Snake Pit)
 41014 | Snake:4  | Got a serpentine rune of Zot
 41378 | Vaults:1 | Entered Level 1 of the Vaults
 41378 | Vaults:1 | Noticed Saint Roka
 41478 | D:13     | Killed Saint Roka
 41747 | Vaults:1 | Received a gift from Okawaru
 41969 | Vaults:1 | Noticed Norris
 42091 | Vaults:1 | Killed Norris
 42681 | Vaults:1 | Reached XP level 21. HP: 121/121 MP: 26/26
 42709 | Vaults:1 | Lost mutation: You have supernaturally acute eyesight. [mutagenic meat]
 42954 | Vaults:1 | Received a gift from Okawaru
 43037 | Vaults:1 | Slain by a vault warden (illusionary)

Vault maps used:
D:1:      lightli_arrival_lavapool, st_stairs_1, minmay_liquid_box
D:2:      okawaru_metal_pillars_1_2, lemuel_doored_altar
D:3:      lemuel_coloured_pillars_altar
D:5:      old_standard_altar, first_bread
D:6:      slow_altar_1, lemuel_round_altar, minmay_door_square, uniq_pikel
D:7:      minmay_temple_entry_enclosed_plants, serial_shops, kennysheep_mini,
          uniq_prince_ribbit1, uniq_menkaure
D:8:      kiku_gazebo_pond_becter
D:9:      nicolae_overflow_quartered_altars, old_standard_altar, serial_shops,
          nicolae_shop_stone, basic_altar, grunt_ogre_cave
D:10:     minmay_opposing_rooms, lair_0_dummy, kennysheep_generic_room_5,
          uniq_maud
D:11:     minmay_orc_entry_guard_dogs, kb_rosetta
D:12:     nicolae_straight_to_the_point, uniq_kirke
D:13:     david_vaults_4, lab_entry_generic, portal_ice_cave_entry_pillars_02,
          hex_medium, kennysheep_cross_room
D:14:     nicolae_gozag_seed_capital
D:15:     grunt_enter_depths_magical_seal, minivault_7, uniq_nessos
Lair:2:   infiniplex_staircase_pool
Lair:3:   boulder_dual_corridor_run, serial_bayou_pond_c, serial_bayou_shore_a
Lair:5:   dummy_snake_entry
Lair:6:   elwin_shoals_entry_rooms, slime_altar_1, patterned_corridor,
          uniq_rupert
Lair:7:   minivault_23, grunt_megastairs_3
Lair:8:   minmay_lair_end_enchanted_forest, grunt_megastairs_2
Shoals:1: serial_shops, shop, nicolae_shoals_stone_sculpture_thing
Shoals:4: shoals_end_grunt_ice, shoals_ilsuiw_ice,
          nicolae_shoals_square_sea_wall, uniq_polyphemus
Snake:1:  uniq_frances
Snake:2:  serial_shops, shop, grunt_ministairs_10, uniq_vashnia
Snake:4:  grunt_snake_rune_spirals, serial_bayou_shore_b, serial_bayou_shore_b
Orc:1:    enter_bailey_3, statue_in_the_mist_lemuel
Orc:2:    grunt_orc_cross
Elf:1:    serial_shops, nicolae_shop_trees, nicolae_trove_entry_free_sample,
          minmay_elf_demonology
Elf:2:    serial_sigils, serial_sigils_hangedman_gut,
          serial_sigils_hangedman_writhe, serial_sigils_hangedman_scratch,
          serial_sigils_hangedman_gnaw, nicolae_elf_big_sculpture_1,
          basic_stair_grate_trap
Elf:3:    minmay_elf_hall_circle
Vaults:1: hangedman_vaults_river_flow, v_rooms_2, dpeg_vaults_monster_row,
          vaults_mumra_minichess, vaults_room_grunt_arrival_ludios, v_misc_18,
          ontoclasm_vaults_ring_small, vaults_dpeg_doors,
          nicolae_vaults_asterisk, uniq_norris, uniq_saint_roka
Lab:      labyrinth_mini_lab, nicolae_lab_grate, nicolae_lab_blocks,
          labyrinth_fake_exit, nicolae_lab_very_dead_end
Bailey:   bailey_axe_4, bailey

Skill      XL: |  1  2  3  4  5  6  7  8  9 10 11 12 13 14 15 16 17 18 19 20 |
---------------+-------------------------------------------------------------+-----
Armour         | 4 5 6 7 8 9 10 11 12 13 | 13.5
Shields        | 4 5 6 8 9 11 12 14 16 17 19 20 21 22 23 24 | 24.8
Fighting       | 4 5 7 8 9 10 11 12 13 14 15 | 15.6
Maces & Flails | 3 4 5 7 9 10 11 12 13 14 15 16 | 16.9
Dodging        | 1 2 3 5 6 8 |  8.4
Invocations    | 1 2 5 6 |  6.9
Evocations     | |  0.3

Action                   |  1- 3 |  4- 6 |  7- 9 | 10-12 | 13-15 | 16-18 | 19-21 || total
-------------------------+-------+-------+-------+-------+-------+-------+-------++-------
Melee: Flail             |   126 |   186 |   425 |   914 |  2416 |  2554 |  2198 ||  8819
Invok: Heroism           |       |     1 |       |     2 |     3 |     8 |     6 ||    20
       Finesse           |       |       |       |       |       |     1 |     5 ||     6
Evoke: Club              |       |       |       |     1 |       |     6 |     7 ||    14
  Use: Scroll            |       |     4 |     3 |    13 |    29 |    14 |     6 ||    69
       Potion            |       |       |       |     1 |     1 |    19 |       ||    21
 Stab: Invisible         |       |       |       |       |       |     3 |       ||     3
       Petrifying        |       |       |       |       |       |     3 |       ||     3
       Petrified         |       |       |       |       |       |     3 |       ||     3
       Held in net/web   |       |       |       |       |       |       |     1 ||     1
  Eat: Chunk             |     1 |     6 |     7 |    26 |    44 |    23 |    45 ||   152
       Royal jelly       |       |       |     1 |     1 |       |       |       ||     2
       Fruit             |       |       |     1 |       |     4 |     5 |     1 ||    11
       Meat ration       |       |       |       |     2 |       |     2 |       ||     4
       Pizza             |       |       |       |     1 |     1 |     1 |     3 ||     6
       Beef jerky        |       |       |       |       |     3 |       |     3 ||     6
       Bread ration      |       |       |       |       |       |     2 |       ||     2
Armor: Scale mail        |    82 |   148 |   235 |   164 |       |       |       ||   629
       Plate armour      |       |       |       |   348 |   858 |   961 |   485 ||  2652
Dodge: Dodged            |    40 |    89 |   124 |   199 |   263 |   348 |   212 ||  1275
Block: Shield            |    78 |   151 |   337 |   448 |       |       |       ||  1014
       Large shield      |       |       |       |   329 |  2809 |  3757 |  2755 ||  9650
       Reflected         |       |       |       |       |    52 |   283 |   283 ||   618
